 Dungeon Crawl Stone Soup version 0.22-a0-601-gb0ed703 (webtiles) character file.

11731 sking99 the Slicer (level 11, -9/60 HPs)
             Began as a Vine Stalker Fighter on July 6, 2018.
             Was an Elder of Makhleb.
             Mangled by a minotaur (11 damage)
             ... in a labyrinth.
             The game lasted 00:22:04 (9275 turns).

sking99 the Slicer (Vine Stalker Fighter)           Turns: 9275, Time: 00:22:05

Health: -9/60      AC:  9    Str: 23    XL:     11   Next: 82%
Magic:  0/25       EV:  8    Int:  8    God:    Makhleb [****..]
Gold:   335        SH: 12    Dex: 16    Spells: 10/10 levels left

rFire    + . .     SeeInvis .   a - +0 rapier
rCold    . . .     Gourm    .   c - +0 shield
rNeg     . . .     Faith    .   u - +1 chain mail {rF+}
rPois    .         Spirit   +   (no helmet)
rElec    .         Reflect  +   (no cloak)
rCorr    .         Harm     .   (no gloves)
MR       +....                  (no boots)
Stlth    ..........             s - +2 amulet of reflection
HPRegen  0.60/turn              n - +3 ring of strength
MPRegen  0.19/turn              l - ring of magical power

@: no status effects
A: fangs 3, regeneration 1, magic shield, antimagic bite, no potion heal 3, rot
immunity
a: Minor Destruction, Lesser Servant of Makhleb, Major Destruction, Renounce
Religion


You were in a labyrinth.
You worshipped Makhleb.
Makhleb was greatly pleased with you.
You were hungry.

You visited 1 branch of the dungeon, and saw 11 of its levels.
You also visited: Labyrinth.

You collected 515 gold pieces.
You spent 180 gold pieces at shops.

Inventory:

Hand Weapons
 a - a +0 rapier (weapon)
Armour
 c - a +0 shield (worn)
 u - a +1 chain mail of fire resistance (worn)
Jewellery
 b - an uncursed amulet of rage
 k - a +3 ring of intelligence
 l - a ring of magical power (right hand)
 n - a +3 ring of strength (left hand)
 s - a +2 amulet of reflection (around neck)
Wands
 i - a wand of random effects (24)
 t - a wand of paralysis (11)
 v - a wand of acid (13)
 E - a wand of iceblast (5)
Scrolls
 g - 6 scrolls of remove curse
 h - 2 scrolls of fear
 j - 4 scrolls of immolation
 m - 3 scrolls of teleportation
 p - 2 scrolls of blinking
 y - a scroll of enchant weapon
 D - a scroll of amnesia
Potions
 d - 2 potions of might
 e - 3 potions of curing
 o - 5 potions of haste
 q - a potion of agility {unknown}
 w - a potion of invisibility {unknown}
 x - 4 potions of lignification
 z - a potion of heal wounds
 B - a potion of brilliance {unknown}
 C - a potion of cancellation
Comestibles
 f - 27 rations


   Skills:
 - Level 7.8 Fighting
 * Level 12.9 Short Blades
 - Level 2.4 Armour
 - Level 3.4 Dodging
 + Level 4.9 Shields
 + Level 5.8 Invocations


You had 10 spell levels left.
You didn't know any spells.
Your spell library contained the following spells:

 Spells                   Type           Power        Failure   Level  Hunger
 Magic Dart               Conj           #...         100%        1    ##.....
 Conjure Flame            Conj/Fire      #.......     100%        3    ####...
 Slow                     Hex            #.......     100%        2    ###....
 Mephitic Cloud           Conj/Pois/Air  #.......     100%        3    ####...
 Venom Bolt               Conj/Pois      #.........   100%        5    ######.
 Olgreb's Toxic Radiance  Pois           #.......     100%        4    #####..
 Blink                    Tloc           N/A          100%        2    ###....
 Call Imp                 Summ           #.......     100%        2    ###....
 Sting                    Conj/Pois      #...         100%        1    ##.....
 Poisonous Vapours        Pois/Air       #.....       100%        2    ###....


Dungeon Overview and Level Annotations

Branches:
Dungeon (11/15)            Temple (0/1) D:7            Lair (0/6) D:10
    Orc: D:9-12

Altars:
Ashenzari
Fedhas
Hepliaklqana
Kikubaaqudgha
Makhleb
Nemelex Xobeh
Okawaru
Trog
Uskayaw
Vehumet
Wu Jian
Xom
Yredelemnul
The Shining One

Shops:
D:7 [   D:9 [[%(


Innate Abilities, Weirdness & Mutations

You have razor-sharp teeth.
Your natural rate of healing is unusually fast.
When hurt, damage is shared between your health and your magic reserves.
Your bite disrupts and absorbs the magic of your enemies.
Potions cannot restore your health.
You are immune to rotting.


Message History

You bite the minotaur, but do no damage.
The minotaur is lightly wounded.
The minotaur hits you!!
* * * LOW HITPOINT WARNING * * *
You block the minotaur's attack.
Your system rejects the healing.
You feel better. The minotaur hits you.
* * * LOW HITPOINT WARNING * * *
You block the minotaur's attack.
You have no ailments to cure.
Okay, then.
You puncture the minotaur! Your bite misses the minotaur.
The minotaur is lightly wounded.
You block the minotaur's attack. x2
You hit the minotaur but do no damage. Your bite misses the minotaur.
The minotaur is lightly wounded.
You hit the minotaur. You bite the minotaur. You drain its power.
You feel invigorated.
The minotaur is moderately wounded.
The minotaur hits you!!
You die...

#+### #.⌠.(#
#...H+ ⌠...# #..<
# #'# #(# ##
#.####H#####..#
#......@......#
#.#.#(#.#.#......
# ###.#.# #### ##
#.....# .. ###.#
## ####.# #.# .
#. . #####.## ##
.. .# ####### #


You could see a minotaur.

Vanquished Creatures
  5 two-headed ogres
  Nergalle (D:10)
  Pikel (D:4)
  A hornet (D:8)
  4 hogs (D:8)
  A human (D:8)
  3 yaks (D:10)
  2 hungry ghosts
  Edmund (D:6)
  Duvessa (D:6)
  2 sky beasts
  4 ice beasts
  A slave (D:4)
  2 ogres
  5 orc warriors
  5 phantoms
  4 centaurs
  A big kobold (D:9)
  4 bullfrogs
  Dowan (D:6)
  A water moccasin zombie (D:5)
  5 scorpions
  9 killer bees
  3 howler monkeys
  5 wights (D:6)
  6 crimson imps
  2 bullfrog zombies
  3 bullfrog skeletons
  5 hounds
  6 orc priests
  4 jellies
  10 orc wizards
  2 quasits
  3 centaur skeletons
  A gnoll shaman (D:5)
  2 iguanas
  Ijyb (D:4)
  2 worker ants
  2 hound zombies
  A worker ant zombie (D:5)
  8 gnolls
  9 adders
  3 shadow imps
  3 oozes
  2 adder skeletons
  An adder zombie (D:9)
  6 worms
  2 dart slugs
  3 leopard geckos
  29 orcs
  4 giant cockroaches
  6 goblins
  5 hobgoblins
  4 jackals
  2 quokkas (D:7)
  6 ball pythons
  4 bats
  6 frilled lizards
  A jackal skeleton (D:5)
  11 kobolds
  10 rats
247 creatures vanquished.

Vanquished Creatures (collateral kills)
  A two-headed ogre (D:7)
1 creature vanquished.

Vanquished Creatures (others)
  A centaur (D:11)
  An orc (D:7)
2 creatures vanquished.

Grand Total: 250 creatures vanquished

Notes
Turn   | Place    | Note
-------+----------+-------------------------------------------
     0 | D:1      | sking99 the Vine Stalker Fighter began the quest for the Orb.
     0 | D:1      | Reached XP level 1. HP: 11/11 MP: 2/2
    57 | D:1      | Reached skill level 2 in Short Blades
   180 | D:1      | Reached XP level 2. HP: 16/16 MP: 3/3
   357 | D:1      | Reached XP level 3. HP: 20/20 MP: 4/4
  1243 | D:2      | Reached skill level 3 in Short Blades
  1463 | D:2      | Gained mutation: Your natural rate of healing is unusually fast. [Vine Stalker growth]
  1463 | D:2      | Reached XP level 4. HP: 23/24 MP: 5/5
  1793 | D:3      | Found a shimmering altar of Xom.
  1999 | D:3      | Found a burning altar of Makhleb.
  2000 | D:3      | Found a radiant altar of Vehumet.
  2027 | D:3      | Became a worshipper of Makhleb the Destroyer
  2154 | D:3      | Reached XP level 5. HP: 21/28 MP: 6/6
  2257 | D:3      | Reached skill level 4 in Short Blades
  2790 | D:4      | Noticed Ijyb
  2817 | D:4      | Killed Ijyb
  2817 | D:4      | Reached XP level 6. HP: 32/33 MP: 7/7
  2827 | D:4      | Noticed a phantom
  2844 | D:4      | Killed a phantom
  2844 | D:4      | Reached skill level 5 in Short Blades
  3010 | D:4      | Found a basalt altar of Yredelemnul.
  3079 | D:4      | Noticed a phantom
  3169 | D:4      | Reached XP level 7. HP: 11/38 MP: 5/8
  3262 | D:4      | Reached * piety under Makhleb
  3265 | D:4      | Reached skill level 6 in Short Blades
  3418 | D:4      | Noticed Pikel
  3459 | D:4      | Killed Pikel
  3459 | D:4      | Reached skill level 5 in Fighting
  3459 | D:4      | Reached skill level 7 in Short Blades
  3459 | D:4      | Gained mutation: You have razor-sharp teeth. [Vine Stalker growth]
  3459 | D:4      | Reached XP level 8. HP: 27/44 MP: 9/9
  3760 | D:5      | Entered Level 5 of the Dungeon
  4016 | D:5      | Reached skill level 8 in Short Blades
  4188 | D:5      | Found a glowing golden altar of the Shining One.
  4230 | D:5      | Reached XP level 9. HP: 33/49 MP: 10/10
  4277 | D:5      | Noticed a moth of wrath
  4280 | D:5      | Found a bloodstained altar of Trog.
  4304 | D:5      | Reached ** piety under Makhleb
  4416 | D:5      | Found an ornate altar of the Wu Jian Council.
  4559 | D:5      | Found a hazy altar of Hepliaklqana.
  4738 | D:6      | Paralysed by an orc wizard for 2 turns
  4745 | D:6      | Reached skill level 9 in Short Blades
  4858 | D:6      | Noticed Dowan
  4858 | D:6      | Noticed Duvessa
  4883 | D:6      | Killed Duvessa
  4887 | D:6      | Killed Dowan
  5507 | D:6      | Noticed Edmund
  5521 | D:6      | Killed Edmund
  5521 | D:6      | Reached skill level 10 in Short Blades
  5831 | D:7      | Reached XP level 10. HP: 56/56 MP: 11/11
  5876 | D:7      | Found Veigraru's Antique Armour Shoppe.
  5879 | D:7      | Bought a glowing chain mail for 180 gold pieces
  5937 | D:7      | Reached *** piety under Makhleb
  6165 | D:7      | Reached skill level 1 in Dodging
  6393 | D:7      | Found a staircase to the Ecumenical Temple.
  6643 | D:8      | Noticed a two-headed ogre
  6754 | D:7      | Killed a two-headed ogre
  6754 | D:7      | Reached skill level 1 in Invocations
  6816 | D:8      | Reached skill level 11 in Short Blades
  6874 | D:8      | Noticed a two-headed ogre
  6886 | D:8      | Killed a two-headed ogre
  6936 | D:8      | You fall through a shaft!
  6946 | D:9      | Found Duaguuto's Antique Weapon Shoppe.
  7014 | D:8      | Found an iron altar of Okawaru.
  7014 | D:8      | Found a faded altar of an unknown god.
  7020 | D:8      | Found an ancient bone altar of Kikubaaqudgha.
  7022 | D:8      | Found a sparkling altar of Nemelex Xobeh.
  7024 | D:8      | Found a hide-covered altar of Uskayaw.
  7096 | D:8      | Found a blossoming altar of Fedhas.
  7295 | D:8      | Paralysed by a hornet for 3 turns
  7579 | D:9      | Reached XP level 11. HP: 60/60 MP: 14/14
  7586 | D:9      | Found Vifity's Food Boutique.
  7599 | D:9      | Reached **** piety under Makhleb
  7671 | D:9      | Found Ferysuge's Antique Armour Boutique.
  7899 | D:9      | Found Omaoxus's Distillery.
  7975 | D:9      | Reached skill level 12 in Short Blades
  8087 | D:9      | Found Taigafum's Antique Armour Boutique.
  8143 | D:10     | Entered Level 10 of the Dungeon
  8145 | D:10     | Noticed Nergalle
  8148 | D:10     | Found a staircase to the Lair.
  8165 | D:10     | Killed Nergalle
  8191 | D:10     | Noticed a two-headed ogre
  8196 | D:10     | Noticed a two-headed ogre
  8224 | D:10     | Killed a two-headed ogre
  8234 | D:10     | Killed a two-headed ogre
  8319 | D:10     | Reached skill level 5 in Invocations
  8367 | D:10     | Noticed a two-headed ogre
  8502 | D:10     | Killed a two-headed ogre
  8607 | D:10     | Noticed a two-headed ogre
  8625 | D:10     | Killed a two-headed ogre
  8750 | D:10     | Found a shattered altar of Ashenzari.
  8754 | D:10     | Saw a vision of the Swamp and the Spider Nest.
  8754 | D:10     | Noticed an alligator
  8754 | D:10     | Noticed an alligator
  8754 | D:10     | Noticed an alligator
  8754 | D:10     | Noticed an alligator
  8754 | D:10     | Noticed an alligator
  8754 | D:10     | Noticed a wolf spider
  8754 | D:10     | Noticed a wolf spider
  8754 | D:10     | Noticed a wolf spider
  8755 | D:10     | Noticed a wolf spider
  8904 | D:11     | Found a labyrinth entrance.
  8942 | Lab      | Entered a labyrinth
  9258 | Lab      | Noticed a minotaur
  9271 | Lab      | HP: 2/60 [minotaur (18)]
  9275 | Lab      | Mangled by a minotaur

Vault maps used:
D:1:      dpeg_arrival_tiny_d, kennysheep_another_room
D:3:      grunt_temple_overflow_lords_of_destruction,
          nicolae_overflow_hidden_temple
D:4:      yredelemnul_altar_generic, eino_small_chamber_without_monster,
          uniq_pikel, uniq_ijyb
D:5:      lemuel_round_altar, tgw_trog, overflow_temple_1_default,
          nicolae_overflow_crystal_walls, first_ration, st_stairs_1,
          hangedman_decor_opposing, hangedman_minor_gate_pass
D:6:      hangedman_decor_points, uniq_duvessa, uniq_edmund
D:7:      minmay_temple_entry_butterflies, serial_shops,
          nicolae_shop_behind_doors
D:8:      lemuel_crystal_altar, chequers_temple_overflow_minitemple,
          grunt_livestock
D:9:      serial_shops, nicolae_shop_trees, shop_statue, nicolae_shop_stone,
          nicolae_shop_behind_doors, kennysheep_mini, serial_glass,
          glass_columns_a, glass_columns_b, glass_columns_b, glass_columns_a,
          glass_columns_b, glass_columns_a
D:10:     lair_entry_dummy, grunt_ashenzari_visionary, uniq_nergalle
D:11:     david_orc_3, lab_entry_generic
Lab:      labyrinth_hidden_loot, labyrinth_skeletal_remains,
          nicolae_lab_big_swirl

Skill      XL: |  1  2  3  4  5  6  7  8  9 10 11 |
---------------+----------------------------------+-----
Short Blades   | 2 3 4 5 7 8 10 11 12 | 12.9
Fighting       | 3 4 5 6 7 |  7.8
Dodging        | 3 |  3.4
Invocations    | 3 5 |  5.8
Shields        | 4 |  4.9
Armour         | |  2.4

Action                   |  1- 3 |  4- 6 |  7- 9 | 10-12 || total
-------------------------+-------+-------+-------+-------++-------
Melee: Rapier            |    82 |   151 |   428 |   473 ||  1134
       Bite              |    25 |    45 |   147 |   212 ||   429
Invok: Minor Destruction |       |       |     1 |       ||     1
       Lesser Servant of |       |       |       |     2 ||     2
  Use: Scroll            |       |     9 |       |     8 ||    17
       Potion            |       |       |     1 |     1 ||     2
  Eat: Chunk             |     2 |     5 |     7 |    13 ||    27
       Ration            |       |       |     2 |       ||     2
Armor: Scale mail        |    22 |    41 |    85 |       ||   148
       Chain mail        |       |       |    32 |   109 ||   141
Dodge: Dodged            |    18 |    34 |    76 |    72 ||   200
Block: Shield            |    35 |    67 |   233 |   215 ||   550
       Reflection        |       |       |     3 |    10 ||    13

Table legend:
 A = Spawn XP
 B = Non-spawn XP
 C = Spawn XP percentage of total XP
 D = Spawn monster count
 E = Non-spawn monster count
 F = Spawn count percentage of total count
 G = Total turns spent on level
                    A         B        C        D         E        F      G
               +---------+---------+-------+---------+---------+-------+---------
         Total |       0 |   16759 |   0.0 |       0 |     249 |   0.0 |  9275
               +---------+---------+-------+---------+---------+-------+---------
           D:1 |       0 |      38 |   0.0 |       0 |      20 |   0.0 |   868
           D:2 |       0 |      46 |   0.0 |       0 |      11 |   0.0 |   840
           D:3 |       0 |     227 |   0.0 |       0 |      20 |   0.0 |   835
           D:4 |       0 |    1165 |   0.0 |       0 |      21 |   0.0 |  1217
           D:5 |       0 |    1201 |   0.0 |       0 |      37 |   0.0 |   897
           D:6 |       0 |    1716 |   0.0 |       0 |      30 |   0.0 |  1055
           D:7 |       0 |    1420 |   0.0 |       0 |      24 |   0.0 |   998
           D:8 |       0 |    3035 |   0.0 |       0 |      24 |   0.0 |   743
           D:9 |       0 |    1225 |   0.0 |       0 |      22 |   0.0 |   750
          D:10 |       0 |    6107 |   0.0 |       0 |      27 |   0.0 |   589
          D:11 |       0 |     579 |   0.0 |       0 |      13 |   0.0 |   150
               +---------+---------+-------+---------+---------+-------+---------
